 Dungeon Crawl Stone Soup version 0.25-a0-632-g7713895373 (webtiles) character file.

Game seed: 9909505619180560217, levelgen mode: classic

1064 EnegeticOcto the Slasher (level 8, -7/55 HPs)
             Began as an Octopode Fighter on Mar 19, 2020.
             Mangled by an ogre
             ... wielding a +0 giant spiked club
              (10 damage)
             ... on level 5 of the Dungeon.
             The game lasted 00:04:09 (5560 turns).

EnegeticOcto the Slasher (Octopode Fighter)         Turns: 5560, Time: 00:04:09

Health: -7/55      AC:  1    Str: 15      XL:     8   Next: 27%
Magic:  0/8        EV: 13    Int: 11      God:
Gold:   259        SH: 10    Dex: 12 (13) Spells: 7/7 levels left

rFire    . . .     SeeInvis +   a - +1 long sword
rCold    . . .     Gourm    .   b - +1 kite shield
rNeg     . . .     Faith    .   (helmet restricted)
rPois    .         Spirit   +   p - amulet of guardian spirit
rElec    .         Reflect  .   m - ring of resist corrosion
rCorr    +         Harm     .   u - ring of see invisible
MR       .....                  (no ring)
Stlth    ++........             (no ring)
HPRegen  0.18/turn              (no ring)
MPRegen  0.11/turn              (no ring)
                                (no ring)
                                (no ring)

@: no status effects
A: almost no armour, stealthy swim, amphibious, 8 rings, constrict 8, camouflage
1, gelatinous body 1
a: no special abilities


You were on level 5 of the Dungeon.
You were not hungry.

You visited 1 branch of the dungeon, and saw 5 of its levels.
You also visited: Ossuary.

You collected 259 gold pieces.

Inventory:

Hand Weapons
 a - a +1 long sword (weapon)
 r - a +2 short sword of protection
Missiles
 i - 2 throwing nets (quivered)
Armour
 b - a +1 kite shield (worn)
Jewellery
 m - a ring of resist corrosion (left tentacle)
 p - an amulet of guardian spirit (around mantle)
 u - a ring of see invisible (right tentacle)
Scrolls
 d - 2 scrolls of identify {@r1}
 f - a scroll of teleportation {@r2}
 j - 3 scrolls of remove curse {@r6}
 n - a scroll of enchant weapon
 o - 3 scrolls of fear
 v - a scroll of acquirement {unknown}
 w - a scroll of noise {unknown}
 y - a scroll of fog {unknown}
 C - a scroll of magic mapping {@r5}
Potions
 c - 2 potions of haste {unknown}
 g - 4 potions of curing {@q1}
 h - 2 potions of ambrosia
 k - 2 potions of might {@q3}
 l - 3 potions of heal wounds {@q2}
 q - 2 potions of lignification {@q7}
 s - a potion of flight {unknown}
 t - a potion of degeneration {unknown}
 x - a potion of brilliance {unknown}
 z - 2 potions of stabbing {unknown}
 A - a potion of berserk rage {unknown}
 B - a potion of magic {unknown}
Comestibles
 e - 6 rations


   Skills:
 + Level 5.1 Fighting
 * Level 6.2 Long Blades
 + Level 5.1 Dodging
 + Level 5.1 Shields


You had 7 spell levels left.
You didn't know any spells.
Your spell library was empty.

Dungeon Overview and Level Annotations

Branches:
Dungeon (5/15)            Ossuary (visited)
 Temple: D:4-7

Altars:
Nemelex Xobeh
Qazlal
Trog
Wu Jian


Innate Abilities, Weirdness & Mutations

You cannot wear most types of armour.
You are very stealthy in the water. (Stealth+)
You are amphibious.
You can wear up to eight rings at the same time.
You can use your tentacles to constrict eight enemies at once.
Your skin changes colour to match your surroundings (Stealth+).
Your rubbery body absorbs attacks. (AC +1, EV +1)


Message History

The bullfrog zombie is moderately damaged.
You constrict the bullfrog zombie. The bullfrog zombie barely misses you.
You block the bullfrog zombie's attack.
You slash the bullfrog zombie! You squeeze the bullfrog zombie.
The bullfrog zombie is severely damaged.
You constrict the bullfrog zombie. The bullfrog zombie hits you.
You hit the bullfrog zombie. You squeeze the bullfrog zombie.
The bullfrog zombie is almost destroyed.
You constrict the bullfrog zombie.
You destroy the bullfrog zombie!
No target in view!
No target in view!
No target in view!
No target in view!
No target in view!
Magic restored.
HP restored.
e - 5 rations (gained 1)
There is a stone staircase leading up here.
You now have 241 gold pieces (gained 12).
You now have 259 gold pieces (gained 18).
A giant cockroach comes into view.
A giant cockroach is nearby!
A giant cockroach is nearby!
A quasit comes into view.
The quasit gives a chilling moan.
The giant cockroach closely misses you.
You hit the giant cockroach. You grab the giant cockroach.
You squeeze the giant cockroach.
You kill the giant cockroach!
You miss the quasit. Your grab misses the quasit.
You block the quasit's attack. The quasit claws you.
You feel clumsy. The quasit barely misses you.
The quasit bites you but does no damage.
The quasit claws you. x2
You miss the quasit. You grab the quasit. You constrict the quasit.
You block the quasit's attack. x2; The quasit barely misses you.
You hit the quasit but do no damage.
The quasit is lightly wounded.
You constrict the quasit. The quasit bites you.
The quasit claws you but does no damage.
The quasit closely misses you. The quasit barely misses you.
The quasit closely misses you. x2
You slash the quasit! You squeeze the quasit.
You kill the quasit!
No target in view!
No target in view!
No target in view!
No target in view!
h - 2 potions of ambrosia (gained 1)
Found 10 stones.
An adder comes into view.
Found a scroll of magic mapping.
You see here 10 stones.
The adder hisses angrily.
You slash the adder! You grab the adder.
The adder is almost dead.
You constrict the adder.
You kill the adder!
No target in view!
No target in view!
No target in view!
No target in view!
No target in view!
No target in view!
e - 6 rations (gained 1)
C - a scroll of magic mapping {@r5} An ogre comes into view.
It is wielding a +0 giant spiked club.
The helpless ogre fails to defend itself.
You slash the ogre!
The ogre is moderately wounded.
The ogre closely misses you.
You barely miss the ogre.
The ogre is moderately wounded.
The ogre hits you with a +0 giant spiked club!!
You hit the ogre.
The ogre is heavily wounded.
The ogre closely misses you.
You riposte.
You hit the ogre.
The ogre is heavily wounded.
You hit the ogre but do no damage. You squeeze the ogre!
The ogre is almost dead.
The ogre hits you with a +0 giant spiked club!!
Ouch! That really hurt!
* * * LOW HITPOINT WARNING * * *
You are too injured to fight recklessly!
You are too injured to fight recklessly!
You are too injured to fight recklessly!
You are too injured to fight recklessly!
An ogre is nearby!
An ogre is nearby!
You completely miss the ogre.
The ogre is almost dead.
You barely miss the ogre.
The ogre is almost dead.
You block the ogre's attack.
You barely miss the ogre. You squeeze the ogre.
The ogre is almost dead.
The ogre hits you with a +0 giant spiked club!
You die...

.#.....## ........##
.........# .(.......#
.........# .........#
############ .........#
#........... .........#
#....O.....# ........##
#...@......# .......##
#...........
#.###########...$.......
........................
.#########............##
.# #......#####.## ##
######.....## ...
####..........# ..
##...#......<.#


You could see an ogre.

Vanquished Creatures
  A hornet zombie (Ossuary)
  A quasit (D:5)
  4 bullfrog zombies
  2 centaur zombies (Ossuary)
  3 jellies
  An orc priest (D:3)
  14 mummies (Ossuary)
  An iguana (D:5)
  5 worker ants
  A howler monkey zombie (Ossuary)
  7 adders
  A shadow imp (D:5)
  11 oozes
  An adder skeleton (D:4)
  3 adder zombies (Ossuary)
  2 worms (D:4)
  4 dart slugs
  A leopard gecko (D:3)
  5 orcs (D:3)
  2 ball pythons
  7 bats
  4 giant cockroaches
  8 goblins
  5 hobgoblins
  12 jackals
  15 kobolds
  4 frilled lizards
  2 jackal zombies
  A leopard gecko zombie (Ossuary)
  A quokka skeleton (D:4)
  A quokka zombie (Ossuary)
  12 rats
142 creatures vanquished.

Vanquished Creatures (others)
  3 fungi (D:3)
  8 toadstools (D:3)
  3 withered plants (Ossuary)
14 creatures vanquished.

Grand Total: 156 creatures vanquished

Notes
Turn   | Place    | Note
-------+----------+-------------------------------------------
     0 | D:1      | EnegeticOcto the Octopode Fighter began the quest for the
                  | Orb.
     0 | D:1      | Reached XP level 1. HP: 16/16 MP: 1/1
    39 | D:1      | Reached XP level 2. HP: 14/21 MP: 2/2
   369 | D:1      | Reached XP level 3. HP: 24/26 MP: 3/3
  1004 | D:2      | Reached skill level 3 in Long Blades
  1004 | D:2      | Reached XP level 4. HP: 31/31 MP: 4/4
  1206 | D:2      | Found an ornate altar of the Wu Jian Council.
  1438 | D:2      | Found a sparkling altar of Nemelex Xobeh.
  1685 | D:2      | Reached XP level 5. HP: 36/36 MP: 5/5
  1813 | D:3      | Found a stormy altar of Qazlal.
  2666 | D:3      | Reached skill level 4 in Long Blades
  2673 | D:3      | Reached XP level 6. HP: 24/43 MP: 6/6
  4229 | D:4      | Found a bloodstained altar of Trog.
  4266 | D:5      | Entered Level 5 of the Dungeon
  4268 | D:5      | Reached XP level 7. HP: 48/49 MP: 7/7
  4350 | D:5      | Found a sand-covered staircase.
  4359 | Ossuary  | Entered an ossuary
  4377 | Ossuary  | Reached skill level 5 in Long Blades
  4863 | Ossuary  | Reached XP level 8. HP: 36/54 MP: 5/8
  5165 | Ossuary  | Reached skill level 5 in Fighting
  5165 | Ossuary  | Reached skill level 6 in Long Blades
  5165 | Ossuary  | Reached skill level 5 in Dodging
  5165 | Ossuary  | Reached skill level 5 in Shields
  5557 | D:5      | HP: 2/55 [ogre/+0 giant spiked club (28)]
  5560 | D:5      | Mangled by an ogre

Levels and vault maps discovered:
D:1:      matt_arrival_diagonals, layout_basic, roderic_lattice_a
D:2:      layout_loops_ring, nemelex_xobeh_ov_fountains_minmay,
          lemuel_coloured_pillars_altar
D:3:      cheibrodos_fertilizer, layout_rooms, lemuel_doored_altar
D:4:      minmay_door_path, layout_cave_pools, lightli_temple_of_fire,
          st_stairs_7
D:5:      kennysheep_steamy, layout_rooms, led_sif_book,
          minmay_temple_entry_grid, enter_ossuary_3, first_ration

Skill      XL: |  1  2  3  4  5  6  7  8 |
---------------+-------------------------+-----
Long Blades    | 3 4 5 6 |  6.2
Fighting       | 4 5 |  5.1
Shields        | 4 5 |  5.1
Dodging        | 4 5 |  5.1

Action                   |  1- 3 |  4- 6 |  7- 9 || total
-------------------------+-------+-------+-------++-------
Melee: Long sword        |    49 |   142 |   107 ||   298
       Constrict         |    15 |    35 |    30 ||    80
       Tentacles         |     9 |    34 |    37 ||    80
  Use: Scroll            |       |    13 |       ||    13
 Stab: Sleeping          |     2 |     9 |     1 ||    12
       Distracted        |       |       |     1 ||     1
  Eat: Chunk             |       |     7 |     1 ||     8
       Ration            |       |     1 |     1 ||     2
Armor: Skin              |     1 |    14 |     4 ||    19
Dodge: Dodged            |    20 |    75 |    43 ||   138
Block: Kite shield       |    17 |    66 |    27 ||   110
       Rpst.: Long sword |     6 |    23 |    14 ||    43

Table legend:
 A = Non-vault XP
 B = Vault XP
 C = Vault XP percentage of total XP
 D = Non-vault monster count
 E = Vault monster count
 F = Vault count percentage of total count
                 A         B        C        D         E       F
            +---------+---------+-------+---------+---------+-------
      Total |     600 |     921 |  60.6 |      94 |      48 |  33.8
            +---------+---------+-------+---------+---------+-------
        D:1 |      66 |       0 |   0.0 |      30 |       0 |   0.0
        D:2 |      99 |       0 |   0.0 |      21 |       0 |   0.0
        D:3 |      88 |     156 |  63.9 |      26 |      18 |  40.9
        D:4 |     148 |      50 |  25.3 |      10 |       2 |  16.7
        D:5 |     199 |       1 |   0.5 |       7 |       1 |  12.5
    Ossuary |       0 |     714 | 100.0 |       0 |      27 | 100.0
            +---------+---------+-------+---------+---------+-------
